 Dungeon Crawl Stone Soup version 0.25-a0-992-gca090100c3 (webtiles) character file.

Game seed: 8379212222675014470, levelgen mode: deterministic

62377 wvc the Fighter (level 15, -17/85 HPs)
             Began as a Vine Stalker Artificer on May 10, 2020.
             Was the Champion of Dithmenos.
             Demolished by p0werm0de's ghost (26 damage)
             ... on level 6 of the Lair of Beasts.
             The game lasted 00:50:29 (19233 turns).

wvc the Fighter (Vine Stalker Artificer)           Turns: 19233, Time: 00:50:30

Health: -17/85     AC: 20    Str: 14    XL:     15   Next: 6%
Magic:  0/18       EV: 17    Int: 18    God:    Dithmenos [******]
Gold:   1559       SH:  9    Dex: 24    Spells: 12/14 levels left

rFire    . . .     SeeInvis .   B - +10 short sword of Insufficient Pleasure {holy, rC++ Dex+4 Stlth-}
rCold    + + .     Gourm    .   Q - +3 buckler of Paranoia {Int+3}
rNeg     + . .     Faith    .   I - +3 scale mail {MR+}
rPois    .         Spirit   +   n - +1 hat
rElec    .         Reflect  .   j - +2 cloak
rCorr    .         Harm     .   l - +1 pair of gloves
MR       ++...                  Z - +0 pair of boots
Stlth    +.........             e - amulet of the acrobat
HPRegen  1.04/turn              V - ring of stealth
MPRegen  0.16/turn              p - ring of positive energy

@: about to teleport, wreathed by umbra
A: claws 1, fangs 3, talons 1, clever 1, mutation resistance 1, regeneration 2,
magic shield, antimagic bite, no potion heal 3, rot immunity
a: Shadow Step, Shadow Form, Renounce Religion


You were on level 6 of the Lair of Beasts.
You worshipped Dithmenos.
Dithmenos was exalted by your worship.
You were not hungry.

You visited 2 branches of the dungeon, and saw 18 of its levels.
You also visited: Ice Cave and Volcano.

You collected 1559 gold pieces.

Inventory:

Hand Weapons
 B - the +10 short sword of Insufficient Pleasure (weapon) {holy, rC++ Dex+4 Stlth-}
   (You found it on level 4 of the Dungeon)

   It has been blessed by the Shining One to cause great damage to the undead
   and demons.
   It affects your dexterity (+4).
   It greatly protects you from cold.
   It makes you less stealthy.
 S - a +0 rapier
 U - a +6 dagger of venom
Missiles
 x - 54 poisoned darts (quivered)
 P - 15 curare-tipped darts
 T - 6 datura-tipped darts
Armour
 j - a +2 cloak (worn)
 l - a +1 pair of gloves (worn)
 n - a +1 hat (worn)
 I - a +3 scale mail of magic resistance (worn)
 Q - the +3 buckler of Paranoia (worn) {Int+3}
   (You found it on level 10 of the Dungeon)

   It affects your intelligence (+3).
 Z - a +0 pair of boots (worn)
Jewellery
 c - an uncursed ring of magical power {unknown}
 e - an amulet of the acrobat (around neck)
 o - an uncursed amulet of regeneration
 p - a ring of positive energy (right hand)
 y - an uncursed ring of wizardry
 G - an uncursed amulet of magic regeneration
 V - a ring of stealth (left hand)
 Y - a +3 ring of dexterity {unknown}
Wands
 g - a wand of clouds (15)
 r - a wand of iceblast (8)
 H - a wand of digging (3)
 K - a wand of disintegration (17)
 L - a wand of paralysis (7)
Scrolls
 a - 19 scrolls of remove curse
 d - a scroll of blinking
 m - 4 scrolls of enchant armour
 s - 3 scrolls of enchant weapon
 t - 2 scrolls of fear
 u - 6 scrolls of teleportation
 w - 5 scrolls of amnesia
 F - 3 scrolls of fog
 N - 3 scrolls of immolation
Potions
 b - a potion of invisibility
 h - 12 potions of curing
 i - 3 potions of flight
 k - 5 potions of lignification
 q - a potion of haste
 v - a potion of heal wounds
 z - 2 potions of cancellation
 A - 6 potions of brilliance
 C - 3 potions of berserk rage
 D - 3 potions of resistance
 E - a potion of mutation
 J - 4 potions of stabbing
 M - 4 potions of magic
 O - 5 potions of might
 R - a potion of ambrosia {unknown}
Miscellaneous
 W - a tin of tremorstones
Comestibles
 f - 28 rations
 X - 10 chunks of flesh


   Skills:
 + Level 12.5 Fighting
 - Level 12.0 Short Blades
 + Level 11.4 Armour
 + Level 9.7 Dodging
 - Level 1.2 Stealth
 - Level 4.0 Shields
 - Level 2.6 Evocations


You had 12 spell levels left.
You knew the following spells:

 Your Spells              Type           Power        Failure   Level  Hunger
a - Blink                 Tloc           N/A          71%         2    ###....

Your spell library contained the following spells:

 Spells                   Type           Power        Failure   Level  Hunger
 Magic Dart               Conj           #...         56%         1    ##.....
 Shock                    Conj/Air       #...         56%         1    ##.....
 Summon Small Mammal      Summ           #...         56%         1    ##.....
 Call Imp                 Summ           #.......     71%         2    ###....
 Slow                     Hex            #.......     71%         2    ###....
 Call Canine Familiar     Summ           #.......     90%         3    ####...
 Confusing Touch          Hex            #.......     90%         3    ####...
 Conjure Flame            Conj/Fire      #.......     90%         3    ####...
 Gell's Gravitas          Tloc           #.........   90%         3    ####...
 Ignite Poison            Fire/Tmut/Pois #.......     90%         3    ####...
 Mephitic Cloud           Conj/Pois/Air  #.......     90%         3    ####...
 Static Discharge         Conj/Air       #.......     90%         3    ####...
 Summon Guardian Golem    Hex/Summ       #.......     90%         3    ####...
 Petrify                  Tmut/Erth      #.......     100%        4    #####..
 Sticky Flame             Conj/Fire      #.......     100%        4    #####..
 Summon Ice Beast         Ice/Summ       #.......     100%        4    #####..
 Summon Lightning Spire   Summ/Air       #.......     100%        4    #####..
 Bolt of Magma            Conj/Fire/Erth #.........   100%        5    ######.
 Lightning Bolt           Conj/Air       #.........   100%        5    ######.
 Metabolic Englaciation   Hex/Ice        #.........   100%        5    ######.
 Yara's Violent Unravell  Hex/Tmut       #.........   100%        5    ######.
 Freezing Cloud           Conj/Ice/Air   #.........   100%        6    #######
 Ignition                 Fire           #.........   100%        8    #######
 Shatter                  Erth           #.........   100%        9    #######
 Tornado                  Air            #.........   100%        9    #######


Dungeon Overview and Level Annotations

Branches:
Dungeon (12/15)            Temple (0/1) D:7            Lair (6/6) D:11
 Shoals (0/4) Lair:2        Snake (0/4) Lair:2        Slime (0/5) Lair:5
    Orc (0/2) D:12          IceCv (visited)         Volcano (visited)

Altars:
Cheibriados
Dithmenos
Elyvilon
Fedhas
Ru
Wu Jian
Xom
The Shining One
Jiyva

Shops:
D:9 (

Annotations:
Lair:4 exclusion: 2 oklob plants
Lair:6 p0werm0de's ghost, journeyman DDFi


Innate Abilities, Weirdness & Mutations

You have razor-sharp teeth.
You heal very quickly.
When hurt, damage is shared between your health and your magic reserves.
Your bite disrupts and absorbs the magic of your enemies.
Potions cannot restore your health.
You are immune to rotting.
You have sharp fingernails.
You have sharp toenails.
Your mind is acute. (Int +2)
You are somewhat resistant to further mutation.


Message History

* * * LOW HITPOINT WARNING * * *
You emit a cloud of dark smoke.
You feel very sick.
* * * LOW HITPOINT WARNING * * *
You feel very sick.
* * * LOW HITPOINT WARNING * * *
You feel very sick.
* * * LOW HITPOINT WARNING * * *
You feel very sick.
As you read the scroll of teleportation, it crumbles to dust.
You feel strangely unstable.
* * * LOW HITPOINT WARNING * * *
You feel very sick. P0werm0de's ghost hits you.
* * * LOW HITPOINT WARNING * * *
You are more poisoned.
Your system rejects the healing.
You feel better.
P0werm0de's ghost wails, "You will join me soon!"
P0werm0de's ghost hits you!!
You die...

≈.≈≈≈≈≈≈≈≈.....####............##
≈≈≈P≈≈≈≈.≈P.....##..............#
≈≈≈≈≈≈≈P≈≈.P....#.......###.....#
P≈≈≈≈≈≈≈≈≈.............##⌠##.....
≈≈≈≈≈P≈≈≈≈.≈#.........##...##....
≈≈≈≈≈≈P≈≈≈..#........##..!..##...
≈≈≈≈≈≈≈≈≈≈.##.....#§§§...♣!.⌠#..#
≈≈≈≈≈≈P≈≈≈.#.....§§§§##..%..##...
≈≈≈≈≈≈≈P..##....@W##§.##...##....
≈≈≈≈≈≈≈..P#........#...##⌠##.....
≈≈≈≈≈..P..#.............###....#.
≈.......§§#...#..###P.........##.
..≈..≈.≈≈P...##### ###.........##
..........≈...# #.#......####
.#..#.....P..## ##.......####
.P...#.......## ##...###.##.
..............# ###########


You could see p0werm0de's ghost.

Vanquished Creatures
  A frost giant (IceCv)
  Azrael (D:12)
  Harold (D:7)
  Fannar (D:11)
  6 hydras
  4 two-headed ogres
  A catoblepas (Lair:5)
  A death yak (Lair:4)
  Urug (D:11)
  Sonja (D:12)
  Nergalle (Lair:1)
  An unseen horror (D:10)
  Pikel (D:5)
  An ugly thing (D:11)
  A manticore (D:11)
  A molten gargoyle (Volcano)
  Maurice (D:11)
  5 black mambas
  An ice statue (IceCv)
  23 spiny frogs
  Maggie (D:6)
  2 gargoyles
  6 rime drakes
  A kobold demonologist (D:10)
  7 komodo dragons
  16 polar bears
  4 tyrant leeches (Lair:6)
  2 trolls
  Grinder (D:5)
  20 blink frogs
  7 hippogriffs
  A shadow (D:12)
  Sigmund (D:3)
  Eustachio (D:4)
  A human (D:7)
  6 fire elementals
  53 yaks
  4 basilisks
  3 hogs (D:7)
  Grum (D:8)
  A hungry ghost (D:11)
  6 vampire mosquitoes (Lair:6)
  Menkaure (D:4)
  3 nagas (Lair:2)
  Edmund (D:4)
  A soldier ant (D:12)
  2 hell hounds (D:11)
  Duvessa (D:6)
  4 porcupines
  12 water moccasins
  4 ice beasts
  7 sky beasts
  12 black bears
  2 phantoms (D:5)
  5 ogres
  8 orc warriors
  24 wolves
  3 centaurs
  6 crocodiles
  21 big kobolds
  25 bullfrogs
  A gnoll sergeant (D:10)
  Dowan (D:6)
  2 scorpions
  4 wights (D:12)
  2 electric eels
  3 howler monkeys
  3 centaur zombies
  5 crimson imps
  13 orc priests
  Crazy Yiuf (D:5)
  2 bullfrog zombies
  A bullfrog skeleton (D:5)
  4 jellies
  4 centaur skeletons
  5 hounds
  13 orc wizards
  8 worker ants
  5 iguanas
  A killer bee zombie (D:10)
  A hound skeleton (D:9)
  A hound zombie (D:11)
  A worker ant zombie (D:10)
  12 gnolls
  3 howler monkey skeletons
  14 adders
  A shadow imp (D:5)
  An ooze (D:1)
  An adder skeleton (D:8)
  5 worms
  2 dart slugs
  4 leopard geckos
  97 orcs
  3 giant cockroaches
  6 goblins
  6 hobgoblins
  30 jackals
  7 quokkas
  3 bats
  5 frilled lizards
  A jackal zombie (D:6)
  23 kobolds
  A quokka skeleton (D:5)
  A quokka zombie (D:8)
  A rat (D:2)
  A fungus (D:9)
  2 plants (D:9)
652 creatures vanquished.

Vanquished Creatures (others)
  A hog (D:7)
  4 slaves (D:7)
  4 wolves (IceCv)
  2 fungi
  34 plants
45 creatures vanquished.

Grand Total: 697 creatures vanquished

Notes
Turn   | Place    | Note
-------+----------+-------------------------------------------
     0 | D:1      | wvc the Vine Stalker Artificer began the quest for the Orb.
     0 | D:1      | Reached XP level 1. HP: 9/9 MP: 3/3
   101 | D:1      | Reached skill level 1 in Short Blades
   183 | D:1      | Reached XP level 2. HP: 14/14 MP: 5/5
   666 | D:1      | Reached XP level 3. HP: 17/17 MP: 6/6
   803 | D:2      | Found a glowing golden altar of the Shining One.
   991 | D:2      | Gained mutation: Your natural rate of healing is unusually
                  | fast. [Vine Stalker growth]
   991 | D:2      | Reached XP level 4. HP: 16/21 MP: 5/7
  1192 | D:2      | Found a faded altar of an unknown god.
  1192 | D:2      | Found an ornate altar of the Wu Jian Council.
  1203 | D:2      | Found a shadowy altar of Dithmenos.
  1206 | D:2      | Became a worshipper of Dithmenos the Shadowed
  1206 | D:2      | Reached * piety under Dithmenos
  1209 | D:2      | Found a faded altar of an unknown god.
  1211 | D:2      | Found a white marble altar of Elyvilon.
  1562 | D:3      | Found a shimmering altar of Xom.
  1679 | D:3      | Reached XP level 5. HP: 25/25 MP: 8/8
  2177 | D:3      | Reached ** piety under Dithmenos
  2200 | D:3      | Reached skill level 5 in Short Blades
  2216 | D:3      | Noticed Sigmund
  2416 | D:3      | Killed Sigmund
  2416 | D:3      | Reached XP level 6. HP: 23/29 MP: 7/9
  2919 | D:4      | Noticed Eustachio
  2938 | D:4      | Reached XP level 7. HP: 32/32 MP: 10/10
  2952 | D:4      | Noticed Edmund
  2965 | D:4      | Killed Eustachio
  2997 | D:4      | Killed Edmund
  3090 | D:4      | Got an ichor-stained short sword
  3100 | D:4      | Identified the +10 short sword of Insufficient Pleasure
                  | {holy, rC++ Dex+4 Stlth-} (You found it on level 4 of the
                  | Dungeon)
  3345 | D:4      | Gained mutation: You have razor-sharp teeth. [Vine Stalker
                  | growth]
  3345 | D:4      | Reached XP level 8. HP: 37/37 MP: 11/11
  3603 | D:4      | Noticed Menkaure
  3609 | D:4      | Killed Menkaure
  3627 | D:4      | Reached *** piety under Dithmenos
  4160 | D:5      | Entered Level 5 of the Dungeon
  4370 | D:5      | Noticed Grinder
  4378 | D:5      | Killed Grinder
  4562 | D:5      | Gained mutation: Your mind is acute. (Int +2) [potion of
                  | mutation]
  4562 | D:5      | Gained mutation: You have sharp toenails. [potion of
                  | mutation]
  4562 | D:5      | Gained mutation: You have sharp fingernails. [potion of
                  | mutation]
  4562 | D:5      | Gained mutation: You are somewhat resistant to further
                  | mutation. [potion of mutation]
  4694 | D:5      | Reached skill level 10 in Short Blades
  4700 | D:5      | Reached XP level 9. HP: 40/40 MP: 12/12
  4859 | D:5      | Found a runed translucent door.
  4860 | D:5      | Noticed Crazy Yiuf
  4868 | D:5      | Killed Crazy Yiuf
  5115 | D:6      | Found a snail-covered altar of Cheibriados.
  5272 | D:6      | Noticed Duvessa
  5272 | D:6      | Noticed Dowan
  5280 | D:6      | Killed Duvessa
  5285 | D:6      | Killed Dowan
  5598 | D:6      | Noticed Maggie
  5639 | D:6      | Killed Maggie
  6108 | D:7      | Noticed Pikel
  6108 | D:7      | Noticed a gargoyle
  6139 | D:5      | Killed Pikel
  6166 | D:6      | Killed a gargoyle
  6166 | D:6      | Reached skill level 1 in Fighting
  6166 | D:6      | Reached XP level 10. HP: 31/46 MP: 8/13
  6199 | D:7      | Reached **** piety under Dithmenos
  6529 | D:7      | Noticed Harold
  6628 | D:7      | Killed Harold
  6861 | D:7      | Found a staircase to the Ecumenical Temple.
  7138 | D:8      | Noticed a two-headed ogre
  7150 | D:8      | Killed a two-headed ogre
  7150 | D:8      | Reached skill level 5 in Armour
  7292 | D:8      | Reached ***** piety under Dithmenos
  7348 | D:8      | Reached XP level 11. HP: 52/53 MP: 14/14
  7348 | D:8      | Noticed Grum
  7360 | D:8      | Killed Grum
  8218 | D:9      | Found Kunwoy's Antique Weapon Emporium.
  8256 | D:9      | Noticed a two-headed ogre
  8263 | D:9      | Killed a two-headed ogre
  8263 | D:9      | Reached skill level 5 in Fighting
  8559 | D:9      | Found a sacrificial altar of Ru.
  8737 | D:10     | Entered Level 10 of the Dungeon
  8867 | D:10     | Killed an unseen horror
  8969 | D:10     | Reached skill level 1 in Shields
  9161 | D:10     | Reached ****** piety under Dithmenos
  9268 | D:10     | Got a twisted buckler
  9279 | D:10     | Identified the +3 buckler of Paranoia {Int+3} (You found it
                  | on level 10 of the Dungeon)
  9595 | D:11     | Found a staircase to the Lair.
  9651 | D:11     | Noticed a four-headed hydra
  9658 | D:11     | Killed a four-headed hydra
  9658 | D:11     | Reached skill level 5 in Dodging
  9658 | D:11     | Gained mutation: You heal very quickly. [Vine Stalker
                  | growth]
  9658 | D:11     | Reached XP level 12. HP: 44/62 MP: 15/15
  9902 | D:11     | Noticed Urug
  9909 | D:11     | Killed Urug
 10142 | D:11     | Noticed Fannar
 10169 | D:11     | Killed Fannar
 10204 | D:11     | Noticed a six-headed hydra
 10211 | D:11     | Killed a six-headed hydra
 10388 | D:11     | Learned a level 2 spell: Blink
 10409 | D:11     | Noticed Maurice
 10477 | D:11     | Killed Maurice
 10567 | D:11     | Found a blossoming altar of Fedhas.
 10887 | D:12     | Noticed Sonja
 10889 | D:12     | Killed Sonja
 10969 | D:12     | Found a frozen archway.
 10985 | IceCv    | Entered an ice cave
 11203 | IceCv    | Identified Hivyqoduwk's Collected Works on Excruciating
                  | Contamination
 11428 | IceCv    | Reached XP level 13. HP: 69/69 MP: 16/16
 11604 | IceCv    | Noticed a frost giant
 11635 | IceCv    | Killed a frost giant
 11833 | D:12     | Noticed Azrael
 12063 | D:12     | Killed Azrael
 12442 | D:12     | Found a staircase to the Orcish Mines.
 12577 | D:12     | Reached skill level 10 in Fighting
 12669 | Lair:1   | Entered Level 1 of the Lair of Beasts
 13293 | Lair:1   | Noticed Nergalle
 13318 | Lair:1   | Killed Nergalle
 13599 | Lair:2   | Found a staircase to the Shoals.
 13740 | Lair:2   | Reached skill level 10 in Armour
 13995 | Lair:2   | Found a staircase to the Snake Pit.
 14462 | Lair:3   | Reached XP level 14. HP: 77/77 MP: 17/17
 14786 | Lair:3   | Got a transparent ring mail
 14797 | Lair:3   | Identified the +6 ring mail of Words of Power {rElec rPois
                  | Str-4} (You found it on level 3 of the Lair of Beasts)
 16416 | Lair:5   | Found a dark tunnel.
 16425 | Volcano  | Entered a volcano
 16753 | Lair:5   | Found a staircase to the Slime Pits.
 16753 | Lair:5   | Found a viscous altar of Jiyva.
 17651 | Lair:6   | Entered Level 6 of the Lair of Beasts
 18170 | Lair:6   | Found a runed translucent door.
 18173 | Lair:6   | Noticed p0werm0de's ghost (journeyman DDFi)
 18690 | Lair:6   | Reached XP level 15. HP: 72/85 MP: 13/18
 19233 | Lair:6   | Demolished by p0werm0de's ghost

Illustrated notes

Levels and vault maps discovered:
D:1:      dpeg_arrival_renting, layout_rooms
D:2:      layout_loops_ring, chequers_temple_overflow_minitemple, tso_metal_star
D:3:      layout_loops_corners, old_standard_altar, first_ration, uniq_sigmund
D:4:      layout_layer_cave, st_stairs_1, uniq_edmund, uniq_eustachio,
          uniq_menkaure
D:5:      layout_loops_ring, uniq_crazy_yiuf_cottage, uniq_grinder
D:6:      layout_basic, kennysheep_slug_shrine, uniq_duvessa, uniq_maggie
D:7:      layout_loops_cross, temple_green, grunt_livestock, uniq_harold,
          uniq_pikel
D:8:      layout_loops_ring, uniq_grum
D:9:      layout_roguey, nicolae_ru_the_path_less_chosen, serial_shops, shop,
          special_room [special_room_orc]
D:10:     layout_roguey [special_room_kobold]
D:11:     layout_cave_pods, david_lair_generic, chequers_arboretum,
          fedhas_altar_fruit_tree, uniq_urug, uniq_fannar, uniq_maurice
D:12:     layout_small_grid, hiddenorc2_lemuel, portal_ice_cave_rime,
          uniq_sonja, uniq_azrael
Lair:1:   beast_lair_carwin_large_3, layout_regular_city, serial_bayou_shore_b,
          uniq_nergalle
Lair:2:   layout_long_grid, minmay_shoals_entry_centaurs,
          minmay_snake_entry_guardpost_small, serial_bayou_pond_b
Lair:3:   layout_regular_city, cheibrodos_lair_reptile_den
Lair:4:   layout_cave_pods, minmay_lair_oklob_chamber
Lair:5:   layout_concentric_octagons, slime_altar_1,
          nicolae_volcano_entry_two_sided
Lair:6:   minmay_lair_end_frog_pond, layout_cave_pods,
          hellmonk_ghost_happy_afterlife

Skill      XL: |  1  2  3  4  5  6  7  8  9 10 11 12 13 14 |
---------------+-------------------------------------------+-----
Short Blades   | 1 2 3 4 6 8 10 12 | 12.0
Fighting       | 1 4 6 8 10 12 | 12.5
Armour         | 2 6 7 8 10 11 | 11.4
Dodging        | 3 5 7 8 9 |  9.7
Shields        | 4 |  4.0
Stealth        | |  1.2
Evocations     | |  2.6

Action                   |  1- 3 |  4- 6 |  7- 9 | 10-12 | 13-15 || total
-------------------------+-------+-------+-------+-------+-------++-------
Melee: Short sword       |   107 |    87 |   191 |   854 |  1243 ||  2482
       Bite              |    29 |    59 |    89 |   329 |   568 ||  1074
       Dagger            |       |   116 |    53 |       |       ||   169
       Kick              |       |       |    48 |   368 |    86 ||   502
Throw: Dart              |       |       |     7 |    14 |       ||    21
Evoke: Wand              |       |       |     6 |     9 |     2 ||    17
  Use: Scroll            |     2 |     2 |    13 |     4 |    15 ||    36
       Potion            |       |       |     1 |       |     2 ||     3
 Stab: Sleeping          |     1 |     2 |       |       |       ||     3
       Distracted        |       |       |       |       |     1 ||     1
  Eat: Chunk             |       |     7 |     6 |    15 |    15 ||    43
       Ration            |       |       |     1 |     1 |     3 ||     5
Armor: Leather armour    |    31 |       |       |       |       ||    31
       Ring mail         |     6 |    59 |    45 |    11 |       ||   121
       Scale mail        |       |       |       |   227 |   174 ||   401
       Chain mail        |       |       |       |       |     7 ||     7
Dodge: Dodged            |    89 |   125 |   102 |   299 |   457 ||  1072
Block: Buckler           |       |       |       |   136 |   348 ||   484

Table legend:
 A = Non-vault XP
 B = Vault XP
 C = Vault XP percentage of total XP
 D = Non-vault monster count
 E = Vault monster count
 F = Vault count percentage of total count
                 A         B        C        D         E       F
            +---------+---------+-------+---------+---------+-------
      Total |   42493 |   46617 |  52.3 |     402 |     248 |  38.2
            +---------+---------+-------+---------+---------+-------
        D:1 |      34 |       0 |   0.0 |      15 |       0 |   0.0
        D:2 |     112 |       0 |   0.0 |      23 |       0 |   0.0
        D:3 |     228 |     212 |  48.2 |      34 |       1 |   2.9
        D:4 |     222 |     576 |  72.2 |      14 |       4 |  22.2
        D:5 |     770 |     939 |  54.9 |      29 |       3 |   9.4
        D:6 |     984 |     597 |  37.8 |      21 |       4 |  16.0
        D:7 |     989 |    1704 |  63.3 |      23 |       5 |  17.9
        D:8 |    2526 |     529 |  17.3 |      32 |       4 |  11.1
        D:9 |    1952 |     225 |  10.3 |      34 |      20 |  37.0
       D:10 |    1967 |    2136 |  52.1 |      24 |      25 |  51.0
       D:11 |    7127 |    3653 |  33.9 |      46 |      11 |  19.3
       D:12 |    2353 |    3788 |  61.7 |      11 |      38 |  77.6
     Lair:1 |    1151 |    3020 |  72.4 |       9 |      14 |  60.9
     Lair:2 |    3285 |    2173 |  39.8 |      15 |       8 |  34.8
     Lair:3 |    1566 |     789 |  33.5 |       9 |       2 |  18.2
     Lair:4 |    7413 |    1015 |  12.0 |      24 |       2 |   7.7
     Lair:5 |    4029 |       0 |   0.0 |      17 |       0 |   0.0
     Lair:6 |    5785 |   13437 |  69.9 |      22 |      53 |  70.7
      IceCv |       0 |   10571 | 100.0 |       0 |      50 | 100.0
    Volcano |       0 |    1253 | 100.0 |       0 |       4 | 100.0
            +---------+---------+-------+---------+---------+-------
